 Dungeon Crawl Stone Soup version 0.27.1-33-g824d729ab1 (webtiles) character file.

Game seed: 4746777808381474542

48 Atelerd the Digger (level 3, -3/21 HPs)
             Began as an Octopode Earth Elementalist on Dec 22, 2021.
             Slain by a worm (8 damage)
             ... on level 2 of the Dungeon.
             The game lasted 00:01:48 (2057 turns).

Atelerd the Digger (Octopode Earth Elementalist)    Turns: 2057, Time: 00:01:48

Health: -3/21      AC:  1    Str:  7    XL:     3   Next: 72%
Magic:  4/7        EV: 13    Int: 18    God:
Gold:   36         SH:  0    Dex: 12    Spells: 4/7 levels left

rFire    . . .     SeeInvis .   a - +0 dagger
rCold    . . .     Faith    .   (no shield)
rNeg     . . .     Spirit   .   (helmet restricted)
rPois    .         Reflect  .   (no amulet)
rElec    .         Harm     .   (no ring)
rCorr    .         Rampage  .   (no ring)
Will     .....                  (no ring)
Stlth    +++.......             (no ring)
HPRegen  0.07/turn              (no ring)
MPRegen  0.10/turn              (no ring)
                                (no ring)
                                (no ring)

@: hasted, very quick
A: almost no armour, amphibious, 8 rings, camouflage 1, gelatinous body 1,
(nimble swimmer 1), tentacles
a: no special abilities


You were on level 2 of the Dungeon.
You visited 1 branch of the dungeon, and saw 2 of its levels.

You collected 36 gold pieces.

Inventory:

Hand Weapons
 a - a +0 dagger (weapon)
Missiles
 b - 73 stones
Scrolls
 c - a scroll of noise {unknown}
 d - 3 scrolls of identify {unknown}
 g - 2 scrolls of teleportation {unknown}
Potions
 f - a potion of curing {unknown}


   Skills:
 - Level 2.0 Dodging
 - Level 2.6 Stealth
 + Level 2.7 Spellcasting
 - Level 2.0 Transmutations
 + Level 3.6 Earth Magic


You had 4 spell levels left.
You knew the following spells:

 Your Spells              Type           Power      Damage    Failure   Level
a - Sandblast             Erth           30%        2d9       3%          1
c - Blink                 Tloc           N/A        N/A       26%         2

Your spell library contained the following spells:

 Spells                   Type           Power      Damage    Failure   Level
 Passwall                 Tmut/Erth      10%        N/A       9%          2
 Stone Arrow              Conj/Erth      16%        3d8       24%         3
 Lesser Beckoning         Tloc           1%         N/A       45%         3
 Petrify                  Tmut/Erth      12%        N/A       47%         4
 Manifold Assault         Tloc           2%         N/A       99%         5


Dungeon Overview and Level Annotations

Branches:
Dungeon (2/15)

Altars:


Innate Abilities, Weirdness & Mutations

You cannot wear most types of armour.
You are amphibious.
You can wear up to eight rings at the same time.
Your skin changes colour to match your surroundings (Stealth+).
Your rubbery body absorbs attacks. (AC +1, EV +1)
((You are camouflaged near water. (Stealth+)))
You have tentacles for arms and can constrict up to eight enemies at once.


Message History

The giant cockroach bites you. x2; The iguana bites you!
* * * LOW HITPOINT WARNING * * *
You are too injured to fight recklessly!
Unknown command.
Casting: Sandblast (safe; 3% risk of failure)
Confirm with . or Enter, or press ? or * to list all spells.
Okay, then.
Casting: Sandblast (safe; 3% risk of failure)
Confirm with . or Enter, or press ? or * to list all spells.
Aiming: Sandblast (safe; 3% risk of failure)
Press: ? - help, Shift-Dir - straight line, f/p - iguana
Aim: an iguana (lightly wounded, constricted by you, 100% to hit)
You miscast Sandblast.
You are very lightly contaminated with residual magic.
Nothing appears to happen.
You constrict the iguana, but do no damage.
The giant cockroach bites you.
* * * LOW HITPOINT WARNING * * *
The iguana barely misses you.
Okay, then.
Okay, then.
Casting: Sandblast (safe; 3% risk of failure)
Confirm with . or Enter, or press ? or * to list all spells.
The spell is quite dangerous to cast (26% risk of failure)!
Continue anyway?
You blink.
You lose your grip on the iguana.
Unknown command.
It was a potion of haste.
You feel yourself speed up.
Your magical contamination has completely faded away.
You open the door.
Found a gold piece.
There is an open door here.
A hobgoblin comes into view.
A worm comes into view.
The hobgoblin shouts!
A hobgoblin comes into view.
A worm comes into view.
Found a pair of boots.
Found a stone staircase leading up.
There is a stone staircase leading up here.
The worm bites you!
You die...

#.....#.#.#
..#.....#.#.[
#.<...#.#.#
#.##...##...#
#.....#.#.# ..#.w#...#
#.....#.#.# #.##...###
......#.#.# #..#B###
......#.#†#####.#.#
..............#..g######
..............+.........
...[..........##@w......
..............####.#####
.....................
...............## .###
######.#.......# ..
#.#.......#. .
#.#..........
######.#.........#
..................


You could see 2 worms, a giant cockroach and a hobgoblin (asleep).

Vanquished Creatures
  An adder (D:2)
  A worm (D:2)
  A dart slug (D:1)
  2 ball pythons (D:1)
  3 bats
  6 endoplasms
  5 goblins
  2 hobgoblins (D:1)
  2 quokkas (D:1)
  2 frilled lizards (D:1)
  5 kobolds
  3 rats
33 creatures vanquished.

Notes
Turn   | Place    | Note
-------+----------+-------------------------------------------
     0 | D:1      | Atelerd the Octopode Earth Elementalist began the quest for
                  | the Orb.
     0 | D:1      | Reached XP level 1. HP: 11/11 MP: 3/3
   118 | D:1      | Reached XP level 2. HP: 17/17 MP: 1/5
  1178 | D:1      | Reached XP level 3. HP: 20/21 MP: 6/6
  1704 | D:2      | Learned a level 2 spell: Blink
  2057 | D:2      | Slain by a worm

Illustrated notes

Levels and vault maps discovered:
D:1:      dpeg_arrival_rooms_with_view, layout_loops_ring,
          minmay_misc_feat_ornament
D:2:      minmay_skewed_foursquare, layout_basic

Skill      XL: |  1  2  3 |
---------------+----------+-----
Transmutations | 2 |  2.0
Dodging        | |  2.0
Stealth        | |  2.6
Spellcasting   | |  2.7
Earth Magic    | |  3.6

Action                   || total
-------------------------++-------
Melee: Dagger            ||    43
       Constrict         ||    11
       Unarmed           ||     1
       Tentacles         ||     8
 Cast: Sandblast         ||    26
       Blink             ||     1
  Use: Potion            ||     1
 Stab: Sleeping          ||     8
Armor: Skin              ||     1
Dodge: Dodged            ||    31
